 Dungeon Crawl Stone Soup version 0.31-a0-557-g6e16503903 (webtiles) character file.

Game seed: 13420653190670623746

18 dialectric the Changeling (level 2, -3/23 HPs)
             Began as a Draconian Shapeshifter on Aug 16, 2023.
             Frozen to death by an endoplasm (5 damage)
             ... on level 2 of the Dungeon.
             The game lasted 00:01:03 (918 turns).

dialectric the Changeling (Draconian Shapeshifter)   Turns: 918, Time: 00:01:04

Health: -3/23      AC:  4    Str: 17    XL:     2   Next: 51%
Magic:  2/2        EV: 12    Int:  8    God:
Gold:   63         SH:  0    Dex: 11    Spells: 1/1 levels left

rFire   . .          .
                       - Unarmed
rCold   . . .        (no shield)
rNeg    . . .        (body armour unavailable)
rPois   .            (helmet currently unavailable)
rElec   .            (cloak currently unavailable)
rCorr   .            (gloves currently unavailable)
SInv    .            (boots currently unavailable)
Will    .....        (no amulet)
Stlth   +            (no ring)
HPRegen 0.23/turn    (no ring)
MPRegen 0.08/turn

%: no passive effects
@: beast-form, slowed, very slow
A: beast (slay +2), AC +4, unfitting armour, cold-blooded
a: Begin Untransformation


You were on level 2 of the Dungeon.
You were a hulking beast.
You visited 1 branch of the dungeon, and saw 2 of its levels.

You collected 63 gold pieces.

Inventory:

Armour
 f - a +2 buckler
Jewellery
 g - a ring of fire
Talismans
 b - a beast talisman (active)
 c - a flux talisman
Scrolls
 d - 2 scrolls of noise {unknown}
 e - 2 scrolls of immolation {unknown}
 h - a scroll of amnesia {unknown}
Potions
 a - a potion of lignification


   Skills:
 + Level 1.2 Fighting
 + Level 1.8 Dodging
 + Level 3.3 Unarmed Combat
 + Level 3.3 Shapeshifting


You had one spell level left.
You didn't know any spells.
Your spell library was empty.

Dungeon Overview and Level Annotations

Branches:
Dungeon (2/15)

Altars:

Shops:
D:1 [

Annotations:
D:2 Sigmund


Innate Abilities, Weirdness & Mutations

You are a hulking beast.
Your limbs bulge with bestial killing power. (Slay +2)
Your plain brown scales are hard. (AC +4)
You cannot fit into any form of body armour.
You are cold-blooded and may be slowed by cold attacks.


Message History

The goblin unwields a +0 sling.
The goblin wields a +0 club.
The goblin closely misses you.
You hit the goblin.
The goblin is moderately wounded.
The goblin misses you. The goblin hits you with a +0 club.
The endoplasm freezes you.
You are frozen.
You feel yourself slow down.
You are too injured to fight recklessly!
You are too injured to fight recklessly!
You are too injured to fight recklessly!
You closely miss the goblin. Your punch misses the goblin.
The goblin is moderately wounded.
The goblin closely misses you. The endoplasm freezes you.
You are frozen.
You feel as though you will be slow longer.
The goblin hits you with a +0 club.
* * * LOW HITPOINT WARNING * * *
The endoplasm hits you.
* * * LOW HITPOINT WARNING * * *
The endoplasm attacks as you move away! The endoplasm barely misses you.
The goblin closely misses you. The goblin attacks as you move away!
The goblin hits you but does no damage.
A kobold comes into view. It is wielding a +0 dagger.
The kobold shouts!
You hear a shout! x4
The goblin unwields a +0 club.
The goblin wields a +0 sling.
The goblin shoots a sling bullet.
The sling bullet barely misses you.
A goblin comes into view. It is wielding a +0 dagger.
The endoplasm hits you but does no damage.
Unknown command.
A goblin comes into view. It is wielding a +0 club.
The goblin shouts!
You hear a shout! x3
The goblin shoots a sling bullet.
The sling bullet barely misses you.
The kobold throws a stone.
The stone hits you.
* * * LOW HITPOINT WARNING * * *
The endoplasm attacks as you move away! The endoplasm barely misses you.
The endoplasm freezes you.
You are frozen.
You die...

........... #.......# #
####..##.#.# .#
###..........# #
.#...#...........###.#
.........#.##......(.#
#........#..<..g....###.
#.#.#.....#.J.#...... ..
##..††##.h...### #
#.##..$..K<.# ..#
#.......#.g.# #.#
#...........# #
..#.##.>..)g.
#.#.##.....#.#
#.#........#... #. ...#
.#


You could see an endoplasm, 3 goblins and a kobold.

Vanquished Creatures
  A dart slug (D:1)
  2 bats (D:1)
  2 endoplasms
  A giant cockroach (D:2)
  A quokka (D:1)
  4 ball pythons
  A goblin (D:1)
  2 kobolds (D:1)
  4 rats
18 creatures vanquished.

Notes
Turn   | Place    | Note
-------+----------+-------------------------------------------
     0 | D:1      | dialectric the Draconian Shapeshifter began the quest for
                  | the Orb.
     0 | D:1      | Reached XP level 1. HP: 16/16 MP: 1/1
   330 | D:1      | Reached XP level 2. HP: 23/23 MP: 2/2
   497 | D:1      | Found Xotecyad's Armour Boutique.
   787 | D:2      | Noticed Sigmund
   918 | D:2      | Frozen to death by an endoplasm

Illustrated notes

Levels and vault maps discovered:
D:1:      wander_arrival_estate, layout_basic, serial_shops, shop,
          minmay_liquid_box, hex_large, minmay_misc_feat_diagonals
D:2:      layout_basic, serial_shops, nicolae_shop_behind_doors,
          minmay_tetromino_t2, uniq_sigmund, uniq_robin

Action                     || total
---------------------------++-------
  Melee: Unarmed           ||    46
         Tailslap          ||     6
         Punch             ||     1
   Stab: Sleeping          ||     1
 Armour: Skin              ||    17
  Dodge: Dodged            ||    30

Table legend: (Time is in decaauts)
 A = Elapsed time spent in this place.
 B = Non-inter-level travel time spent in this place.
 C = Inter-level travel time spent in this place.
 D = Time resting spent in this place.
 E = Time spent auto-exploring this place.
 F = Levels seen in this place.
 G = Mean time per level.
                   A        B        C        D        E       F      G
               +--------+--------+--------+--------+--------+-----+--------+
         Total |    921 |    876 |     45 |     63 |    669 |   2 |  460.5 |
       Dungeon |    921 |    876 |     45 |     63 |    669 |   2 |  460.5 |
               +--------+--------+--------+--------+--------+-----+--------+

Top non-repeatable levels by time:
     D:1: 879 daAuts
     D:2: 41 daAuts
